 Dungeon Crawl Stone Soup version 0.30.1-11-g7821555f0a (webtiles) character file.

Game seed: 740014934911139470

15880 jurchenman the Thaumaturge (level 12, -7/59 HPs)
             Began as a Deep Elf Fire Elementalist on Dec 7, 2023.
             Was a Believer of Vehumet.
             Mangled by a skyshark (8 damage)
             ... on level 2 of the Lair of Beasts on Dec 8, 2023.
             The game lasted 01:04:48 (13124 turns).

jurchenman the Thaumaturge (DEFE)                  Turns: 13124, Time: 01:04:48

Health: -7/59      AC:  4    Str:  8    XL:     12   Next: 5%
Magic:  17/31      EV: 22    Int: 26    God:    Vehumet [**....]
Gold:   942        SH:  0    Dex: 19    Spells: 12/37 levels left

rFire   . . .        H - staff of conjuration
rCold   . . .        (no shield)
rNeg    . . .        a - +0 robe
rPois   .            (no helmet)
rElec   .            s - +0 cloak
rCorr   .            C - +0 pair of gloves
SInv    +            (no boots)
Will    +....        r - amulet of Ocser {Regen+ Str+3 Dex+4}
Stlth   ++           e - ring of see invisible
HPRegen 1.09/turn    p - +5 ring of evasion
MPRegen 0.22/turn

%: no passive effects
@: no status effects
A: no striking features
a: Renounce Religion


You were on level 2 of the Lair of Beasts.
You worshipped Vehumet.
Vehumet was pleased with you.
You visited 3 branches of the dungeon, and saw 15 of its levels.

You collected 942 gold pieces.

Inventory:

Hand Weapons
 n - a +2 dagger of chaos
 o - a +3 dagger of venom
Missiles
 t - 6 datura-tipped darts
Armour
 a - a +0 robe (worn)
 h - a +2 kite shield of protection
 s - a +0 cloak (worn)
 C - a +0 pair of gloves (worn)
Magical Staves
 m - a staff of death
 x - a staff of earth
 H - a staff of conjuration (weapon)
Jewellery
 e - a ring of see invisible (left hand)
 l - a ring of ice
 p - a +5 ring of evasion (right hand)
 r - the amulet of Ocser (around neck) {Regen+ Str+3 Dex+4}
   (You found it on level 10 of the Dungeon)

   [amulet of regeneration]

   Str:       It affects your strength (+3).
   Dex:       It affects your dexterity (+4).
   Regen:     It increases your rate of health regeneration.
 u - the amulet of the Stained God {Regen+ Dex+2 Slay+3}
   (You found it on level 6 of the Dungeon)

   [amulet of regeneration]

   Dex:       It affects your dexterity (+2).
   Slay:      It affects your accuracy & damage with ranged weapons and melee
   (+3).
   Regen:     It increases your rate of health regeneration.
 w - the Hermit's Pendant {Faith Invo=14 Evo=0 MP+5}
   (You found it on level 7 of the Dungeon)

   [amulet of faith]

   Invo=14: It sets your Invocations skill to 14.
   Evo=0: It sets your Evocations skill to 0.
   It allows you to gain divine favour quickly.
   MP:        It affects your magic capacity (+5).
 A - an amulet of reflection
 D - a ring of positive energy
 F - an amulet of guardian spirit
Wands
 d - a wand of polymorph (14)
 q - a wand of iceblast (14)
 y - a wand of charming (23)
 G - a wand of flame (12)
 I - a wand of light (7)
 J - a wand of digging (4)
Scrolls
 f - a scroll of fog
 g - 3 scrolls of teleportation
 z - a scroll of poison
 K - a scroll of identify
 L - a scroll of brand weapon
Potions
 b - 3 potions of magic
 c - 3 potions of curing
 i - 3 potions of berserk rage
 j - 3 potions of haste
 k - 3 potions of brilliance
 v - a potion of flight
Miscellaneous
 B - a lightning rod (4/4)


   Skills:
 - Level 8.3 Dodging
 - Level 2.4 Stealth
 - Level 13.4 Spellcasting
 - Level 11.2 Conjurations
 - Level 3.5 Hexes
 - Level 11.6 Fire Magic
 + Level 3.1 Air Magic
 + Level 3.4 Poison Magic
 - Level 3.2 Evocations


You had 12 spell levels left.
You knew the following spells:

 Your Spells              Type           Power      Damage    Failure   Level
a - Foxfire               Conj/Fire      100%       2x1d9     1%          1
b - Scorch                Fire           100%       2d9       1%          2
c - Magic Dart            Conj           100%       1d8       1%          1
d - Inner Flame           Hex/Fire       54%        N/A       1%          3
e - Searing Ray           Conj           100%       2d8       1%          2
f - Flame Wave            Conj/Fire      86%        2d18      1%          4
g - Momentum Strike       Conj/Tloc      100%       3d10      1%          2
h - Sticky Flame          Conj/Fire      86%        2d10      1%          4
i - Mephitic Cloud        Conj/Pois/Air  64%        N/A       1%          3
j - Ignite Poison         Fire/Tmut/Pois 43%        N/A       1%          3

Your spell library contained the following spells:

 Spells                   Type           Power      Damage    Failure   Level
 Kiss of Death            Conj/Necr      100%       2d13      1%          1
 Static Discharge         Conj/Air       100%       2-7/arc   1%          2
 Dazzling Flash           Conj/Hex       100%       N/A       1%          3
 Volatile Blastmotes      Fire/Tloc      94%        2d17      1%          3
 Fulminant Prism          Conj/Hex       35%        3d17      1%          4
 Confusing Touch          Hex            35%        N/A       2%          3
 Sublimation of Blood     Necr           17%        N/A       4%          2
 Cause Fear               Hex            17%        N/A       8%          4
 Airstrike                Air            16%        2d(3-19)  9%          4
 Irradiate                Conj/Tmut      31%        3d22      9%          5
 Frozen Ramparts          Ice            34%        1d6       10%         3
 Ozocubu's Armour         Ice            17%        N/A       10%         3
 Anguish                  Hex/Necr       13%        N/A       16%         4
 Summon Lightning Spire   Summ/Air       25%        N/A       17%         4
 Silence                  Hex/Air        17%        N/A       24%         5
 Dispel Undead            Necr           17%        3d10      32%         4
 Petrify                  Tmut/Erth      17%        N/A       32%         4
 Summon Ice Beast         Ice/Summ       17%        N/A       32%         4
 Metabolic Englaciation   Hex/Ice        13%        N/A       41%         5
 Agony                    Necr           17%        N/A       65%         5
 Ignition                 Fire           33%        3d10      88%         8
 Simulacrum               Ice/Necr       8%         N/A       99%         6
 Enfeeble                 Hex            17%        N/A       100%        7


Dungeon Overview and Level Annotations

Branches:
Dungeon (12/15)            Temple (1/1) D:5            Lair (2/5) D:8
  Swamp: Lair:2-3    Shoals: Lair:2-3     Snake: Lair:2-3    Spider: Lair:2-3
    Orc: D:9-12

Altars:
Ashenzari
Cheibriados
Dithmenos
Elyvilon
Fedhas
Gozag
Hepliaklqana
Kikubaaqudgha
Makhleb
Nemelex Xobeh
Okawaru
Qazlal
Ru
Sif Muna
Trog
Uskayaw
Vehumet
Wu Jian
Xom
Yredelemnul
Zin
The Shining One

Shops:
D:9 *


Message History

Your Air Magic skill increases to level 3!
Casting: Flame Wave (safe; 1% risk of failure)
Confirm with . or Enter, or press ? or * to list all spells.
You feel a surge of power!
You conjure some foxfire!
The blink frog blinks!
Casting: Foxfire (safe; 1% risk of failure)
Confirm with . or Enter, or press ? or * to list all spells.
Casting: Flame Wave (safe; 1% risk of failure)
Press: ? - help, Dir - look around, f - activate You feel a surge of power!
A wave of flame ripples out!
The flame wave engulfs your foxfire.
Your foxfire completely resists.
The flame wave engulfs your foxfire.
Your foxfire completely resists. (Press . to intensify the flame waves.)
You hear a bellow!
The foxfire hits the bullfrog.
The bullfrog is moderately wounded.
The foxfire hits the bullfrog.
The bullfrog is heavily wounded.
The skyshark bites you!
The skyshark tastes blood and grows stronger!
The skyshark tail-slaps you!
* * * LOW HITPOINT WARNING * * *
The skyshark tail-slaps you.
* * * LOW HITPOINT WARNING * * *
A wave of flame ripples out!
The flame wave engulfs the skyshark!
The skyshark is lightly wounded.
The flame wave engulfs the bullfrog!!
You kill the bullfrog!
Vehumet accepts your kill.
You feel your power returning.
The flame wave engulfs the blink frog!
You kill the blink frog!
Vehumet accepts your kill.
You feel your power returning.
A wolf comes into view.
The wolf bites the fungus!
The fungus begins to die.
The skyshark misses you. The skyshark tail-slaps you!
* * * LOW HITPOINT WARNING * * *
The skyshark tail-slaps you!
You die...

..<..#P ......+...##....
.... ............... #...#
.P##......##..####...### #.
+###.#....#.#.#.##.....##.#
.................)....##..#
...........................
................§§.........
.......(.......†@§....?....
...............l§§.........
.......................###
..............#.##.r...#
...........##..#.#.$...#
................##...r.≈~..
...........P#....#..P.~~≈≈.
...........h#...##...~~~~≈~
....##........ #......≈≈≈


You could see a skyshark (strong), a wolf and 2 river rats.

Vanquished Creatures
  Snorg (D:11)
  An ice dragon (D:10)
  A boulder beetle (Lair:1)
  4 two-headed ogres
  A skyshark (Lair:2)
  A manticore (D:11)
  A rime drake (D:8)
  2 cane toads (Lair:1)
  2 kobold demonologists
  7 komodo dragons
  2 trolls
  A polar bear (D:8)
  Prince Ribbit (D:9)
  6 blink frogs
  Sigmund (D:6)
  A jumping spider (shapeshifter) (D:10)
  A wyvern (D:10)
  4 wraiths
  3 basilisks
  2 steam dragons
  3 vampire mosquitoes (D:11)
  2 acid dragons
  5 water moccasins
  Duvessa (D:4)
  2 ice beasts (D:8)
  3 orc warriors
  A sky beast (D:8)
  A black bear (D:5)
  2 wolves (D:8)
  4 centaurs
  A phantom (D:6)
  8 bullfrogs
  A scorpion (D:6)
  2 gnoll sergeants
  3 wights (D:9)
  Dowan (D:4)
  5 howler monkeys
  A hound (D:5)
  4 orc priests
  A sleepcap (D:5)
  Jessica (D:2)
  5 iguanas
  14 orc wizards
  2 adders
  7 gnolls
  A shadow imp (D:5)
  A white imp (D:6)
  2 ufetubi
  34 orcs
  6 bats
  7 endoplasms
  A giant cockroach (D:2)
  8 goblins
  5 hobgoblins
  2 kobolds
  3 quokkas
  11 ball pythons
  8 rats
212 creatures vanquished.

Vanquished Creatures (collateral kills)
  A foxfire (Lair:1)
1 creature vanquished.

Vanquished Creatures (others)
  630 foxfires
630 creatures vanquished.

Grand Total: 843 creatures vanquished

Notes
Turn   | Place    | Note
-------+----------+-------------------------------------------
     0 | D:1      | jurchenman the Deep Elf Fire Elementalist began the quest
                  | for the Orb.
     0 | D:1      | Reached XP level 1. HP: 10/10 MP: 6/6
   204 | D:1      | Found a faded altar of an unknown god.
   266 | D:1      | Reached XP level 2. HP: 15/15 MP: 6/8
   286 | D:1      | Learned a level 2 spell: Scorch
   885 | D:2      | Noticed Jessica
   888 | D:2      | Reached XP level 3. HP: 19/19 MP: 6/10
   889 | D:2      | Killed Jessica
   890 | D:2      | Reached skill level 4 in Spellcasting
   960 | D:2      | Learned a level 1 spell: Magic Dart
   964 | D:2      | Learned a level 3 spell: Inner Flame
  1214 | D:2      | Reached skill level 1 in Hexes
  1214 | D:2      | Reached XP level 4. HP: 23/24 MP: 7/12
  2125 | D:4      | Noticed an Executioner
  2126 | D:4      | Found a burning altar of Makhleb.
  2130 | D:4      | Found a glowing silver altar of Zin.
  2130 | D:4      | Noticed an angel
  2182 | D:4      | Noticed Duvessa
  2192 | D:4      | Noticed Dowan
  2195 | D:4      | Killed Duvessa
  2196 | D:4      | Reached XP level 5. HP: 21/28 MP: 4/14
  2204 | D:4      | Killed Dowan
  2205 | D:4      | Reached XP level 6. HP: 7/32 MP: 0/15
  2646 | D:4      | Reached skill level 5 in Spellcasting
  2801 | D:5      | Entered Level 5 of the Dungeon
  2989 | D:5      | Found a staircase to the Ecumenical Temple.
  3080 | Temple   | Entered the Ecumenical Temple
  3153 | D:5      | Found a shadowy altar of Dithmenos.
  3171 | D:5      | Reached skill level 5 in Fire Magic
  3712 | D:6      | You fall into a shaft and drop 2 floors!
  3764 | D:7      | Reached XP level 7. HP: 36/36 MP: 9/17
  4149 | D:6      | Identified the amulet of the Stained God {Regen+ Dex+2
                  | Slay+3}
  4159 | D:6      | Learned a level 2 spell: Searing Ray
  4164 | D:6      | Learned a level 4 spell: Flame Wave
  4184 | D:6      | Reached skill level 6 in Spellcasting
  4637 | D:6      | Noticed Sigmund
  4649 | D:6      | Killed Sigmund
  4650 | D:6      | Reached skill level 5 in Conjurations
  4866 | D:7      | Reached skill level 5 in Dodging
  4866 | D:7      | Reached XP level 8. HP: 35/41 MP: 12/20
  5052 | D:7      | Reached skill level 7 in Spellcasting
  5193 | D:7      | Found the Hermit's Pendant {Faith Invo=14 Evo=0 MP+5}
  5276 | D:7      | Found a snail-covered altar of Cheibriados.
  5276 | D:7      | Found a radiant altar of Vehumet.
  5283 | D:7      | Found a faded altar of an unknown god.
  5286 | D:7      | Became a worshipper of Vehumet
  5290 | D:7      | Found a glowing golden altar of the Shining One.
  5291 | D:7      | Found a faded altar of an unknown god.
  6135 | D:8      | Reached skill level 8 in Spellcasting
  6251 | D:8      | Reached XP level 9. HP: 40/45 MP: 5/23
  6489 | D:8      | Noticed a polar bear
  6573 | D:8      | Noticed a rime drake
  6591 | D:8      | Killed a polar bear
  6591 | D:8      | Killed a rime drake
  6706 | D:8      | Reached skill level 9 in Spellcasting
  6713 | D:8      | Noticed a two-headed ogre
  6721 | D:8      | Killed a two-headed ogre
  6916 | D:8      | Reached * piety under Vehumet
  6916 | D:8      | Offered knowledge of Shock by Vehumet.
  6920 | D:8      | Reached skill level 10 in Spellcasting
  7045 | D:8      | Found a staircase to the Lair.
  7065 | D:8      | Reached XP level 10. HP: 50/50 MP: 23/26
  7688 | D:9      | Noticed a two-headed ogre
  7924 | D:9      | Noticed a two-headed ogre
  7960 | D:9      | Found Estaloag's Assorted Antiques.
  7964 | D:10     | Entered Level 10 of the Dungeon
  8043 | D:9      | Noticed Prince Ribbit
  8063 | D:9      | Killed Prince Ribbit
  8387 | D:9      | Killed a two-headed ogre
  8388 | D:9      | Reached skill level 11 in Spellcasting
  8518 | D:9      | Killed a two-headed ogre
  8519 | D:9      | Reached skill level 10 in Fire Magic
  8778 | D:10     | Noticed a two-headed ogre
  8789 | D:10     | Killed a two-headed ogre
  8905 | D:10     | Reached skill level 12 in Spellcasting
  9289 | D:10     | Noticed a soul eater
  9306 | D:10     | Reached skill level 10 in Conjurations
  9493 | D:10     | Offered knowledge of Momentum Strike by Vehumet.
  9494 | D:10     | Reached XP level 11. HP: 54/54 MP: 25/29
  9514 | D:10     | Learned a level 2 spell: Momentum Strike
  9562 | D:10     | Noticed an ice dragon
  9812 | D:10     | Found an ornate altar of the Wu Jian Council.
  9994 | D:10     | Killed an ice dragon
 10065 | D:10     | Identified the amulet of Ocser {Regen+ Str+3 Dex+4}
 10078 | D:10     | Learned a level 4 spell: Sticky Flame
 10161 | D:11     | Reached ** piety under Vehumet
 10519 | D:11     | Noticed Snorg
 10526 | D:11     | Killed Snorg
 10834 | D:11     | Got the Anthology of Congealing Wildfire
 10955 | D:11     | Identified a scroll of acquirement
 10955 | D:11     | Acquired a staff of conjuration
 11027 | D:11     | Reached skill level 1 in Evocations
 11252 | D:12     | Reached skill level 13 in Spellcasting
 11515 | D:12     | Noticed a red ugly thing
 11647 | Lair:1   | Entered Level 1 of the Lair of Beasts
 12389 | Lair:1   | Offered knowledge of Mephitic Cloud by Vehumet.
 12432 | Lair:1   | Learned a level 3 spell: Mephitic Cloud
 12526 | Lair:1   | Found a hide-covered altar of Uskayaw.
 12526 | Lair:1   | Noticed a boulder beetle
 12589 | Lair:1   | Learned a level 3 spell: Ignite Poison
 12590 | Lair:1   | Found an ornate altar of the Wu Jian Council.
 12665 | Lair:1   | Killed a boulder beetle
 12666 | Lair:1   | Reached skill level 1 in Air Magic
 12666 | Lair:1   | Reached skill level 1 in Poison Magic
 12983 | Lair:2   | Noticed a skyshark
 12989 | Lair:2   | Killed a skyshark
 13119 | Lair:2   | Noticed a skyshark
 13120 | Lair:2   | Reached XP level 12. HP: 31/59 MP: 19/31
 13124 | Lair:2   | HP: 1/59 [skyshark (10)]
 13124 | Lair:2   | Mangled by a skyshark

Illustrated notes

Levels and vault maps discovered:
D:1:      spicycebolla_green_bress_n_ham_2, layout_basic, basic_ecumenical_altar
D:2:      layout_rooms, uniq_jessica
D:3:      layout_basic
D:4:      layout_rooms, grunt_temple_overflow_order_and_chaos_2,
          minmay_misc_feat_roman, serial_bayou_pond_d, uniq_duvessa
D:5:      layout_loops_ring, nicolae_dithmenos_shadow_blocks,
          minmay_temple_entry_stoned_glass
D:6:      layout_gridville, serial_glass, glass_columns_b, glass_columns_a,
          due_unseen_surprise, mrwooster_statue_mirror, uniq_sigmund
D:7:      layout_layer_cave, chequers_temple_overflow_minitemple,
          columned_hall_lemuel
D:8:      layout_cave_pods, hellmonk_lair_entry_icy
D:9:      layout_roguey, serial_shops, shop, uniq_prince_ribbit1
D:10:     dragon1_lemuel, layout_irregular_city, overflow_temple_1_default,
          minivault_11
D:11:     layout_irregular_city, dk_vineyard_2, kennysheep_nondescript,
          uniq_snorg
D:12:     layout_rooms, orc_0_dummy
Temple:   eino_wide_crystal_templ
Lair:1:   layout_long_grid, nzn_masters_of_martial_movement, grunt_megastairs_4,
          lemuel_fruit_fields, serial_bayou_shore_b
Lair:2:   beast_lair_carwin_large_3, layout_regular_city, minivault_24, pond,
          uniq_harold

Skill      XL: |  1  2  3  4  5  6  7  8  9 10 11 12 |
---------------+-------------------------------------+-----
Conjurations   | 2 3 4 5 6 8 10 11 | 11.2
Spellcasting   | 4 5 6 8 10 12 13 | 13.4
Fire Magic     | 4 5 6 7 8 10 11 | 11.6
Hexes          | 1 3 |  3.5
Dodging        | 3 5 6 7 8 |  8.3
Evocations     | 3 |  3.2
Air Magic      | 2 3 |  3.1
Poison Magic   | 3 |  3.4
Stealth        | |  2.4

Action                     |  1- 3 |  4- 6 |  7- 9 | 10-12 || total
---------------------------+-------+-------+-------+-------++-------
  Melee: Dagger            |     6 |    15 |     2 |     7 ||    30
   Cast: Foxfire           |    37 |    63 |    93 |   165 ||   358
         Scorch            |     2 |    27 |    46 |   112 ||   187
         Magic Dart        |       |     2 |       |       ||     2
         Inner Flame       |       |       |    12 |     9 ||    21
         Searing Ray       |       |       |     2 |       ||     2
         Flame Wave        |       |       |       |    12 ||    12
         Sticky Flame      |       |       |       |    10 ||    10
         Mephitic Cloud    |       |       |       |     5 ||     5
         Ignite Poison     |       |       |       |     4 ||     4
    Use: Scroll            |     2 |     5 |     5 |    18 ||    30
         Potion            |       |       |     5 |     3 ||     8
   Stab: Sleeping          |     2 |     2 |     1 |     1 ||     6
 Armour: Robe              |     3 |     1 |     4 |    17 ||    25
  Dodge: Dodged            |     7 |    28 |    40 |   132 ||   207
